Map: 2000 Atmospheres LE

Players

Pandemic - Winner!

  • Race: Terran Terran
  • League: Platinum

joelricardo

  • Race: Protoss Protoss
  • League: Platinum

VOD

Have the link to the VOD?

Description

Time

  • Played on: Oct. 21, 2021, 7:24 p.m.
  • Length: 24:57
Show
View Real Time Build Order
Export as new Build Order

Pandemic Terran - Winner!

Build Orders:  

Get SALT Encoding   

  12  0:00  SCV  
  13  0:12  SCV  
  14  0:17  Supply Depot  
  14  0:25  SCV  
  15  0:38  SCV  
  15  0:40  Refinery  
  16  0:46  Barracks  
  16  0:50  SCV  
  17  1:02  SCV  
  18  1:14  SCV  
  19  1:27  SCV  
  20  1:35  Marine  
  20  1:39  Supply Depot  
  21  1:45  Bunker  
  20  2:13  Marine  
  20  2:16  Barracks  
  20  2:18  Orbital Command  
  20  2:28  Supply Depot  
  20  2:31  Marine  
  21  2:37  Factory  
  21  2:46  SCV  
  21  2:48  Marine  
  22  3:06  Barracks Tech Lab, Marine  
  22  3:07  Bunker  
  22  3:11  SCV  
  24  3:19  Supply Depot  
  24  3:21  Factory Tech Lab  
  24  3:23  SCV  
  25  3:27  Refinery  
  25  3:31  Barracks Reactor  
  25  3:35  SCV  
  25  3:36  Marine  
  27  3:42  Siege Tank  
  27  3:47  SCV  
  31  3:53  Marine  
  31  3:54  Starport  
  32  3:59  SCV  
  33  4:07  Engineering Bay  
  33  4:09  Marine  
  33  4:11  SCV  
  35  4:24  SCV  
  35  4:33  Starport Tech Lab  
  35  4:34  Terran Infantry Weapons Level 1  
  35  4:36  SCV  
  36  4:43  Command Center  
  36  4:47  Marine x3  
  39  5:01  Supply Depot  
  39  5:03  Supply Depot  
  39  5:04  Viking  
  39  5:05  Marine  
  42  5:15  SCV  
  43  5:24  Marine  
  43  5:25  Marine x2  
  43  5:28  Supply Depot, SCV  
  47  5:40  SCV  
  47  5:42  Marine x2  
  48  5:43  Marine  
  48  5:49  Barracks  
  51  5:52  SCV  
  52  6:00  Marine  
  53  6:04  SCV  
  54  6:14  Refinery  
  54  6:16  SCV  
  56  6:24  Marine x2  
  58  6:26  Cyclone  
  58  6:28  SCV  
  58  6:30  SCV  
  60  6:35  Missile Turret  
  60  6:48  Missile Turret  
  60  6:51  Orbital Command  
  60  6:52  SCV  
  61  6:56  Marine x2  
  61  6:58  Barracks Reactor, Cyclone  
  66  7:04  SCV  
  66  7:05  Stimpack  
  67  7:09  Missile Turret  
  67  7:10  Terran Infantry Armor Level 1  
  67  7:16  Armory  
  67  7:25  SCV x2  
  69  7:34  Marine x5  
  75  7:37  SCV x2  
  76  7:47  Cyclone  
  76  7:49  SCV x2  
  81  7:52  Marine x4  
  85  8:01  SCV, Engineering Bay  
  86  8:07  Terran Vehicle And Ship Armor Level 1  
  86  8:08  Command Center  
  86  8:23  Barracks  
  86  8:28  Supply Depot  
  86  8:31  Supply Depot  
  86  8:34  Starport Reactor  
  86  8:39  Terran Infantry Weapons Level 2  
  86  8:49  Marine x3  
  86  8:50  SCV x2  
  86  8:52  Supply Depot  
  86  8:53  Combat Shield  
  94  9:01  Thor  
  94  9:02  SCV x2  
  99  9:14  SCV x2  
  99  9:15  Supply Depot  
  101  9:17  Refinery  
  101  9:26  SCV x2  
  103  9:37  Marine  
  103  9:38  SCV x2, Marine x5  
  108  9:43  Refinery, Concussive Shells  
  112  9:49  Orbital Command  
  112  9:50  Refinery, SCV x2  
  113  9:53  Supply Depot  
  113  9:55  Marine  
  114  10:02  SCV x2  
  105  10:24  Supply Depot  
  100  10:29  Medivac x2  
  100  10:32  Thor  
  100  10:33  Marine x6  
  114  10:47  Supply Depot  
  108  10:57  Marine x6  
  108  10:59  SCV x3  
  117  11:11  SCV x3  
  119  11:15  Thor, Marine x6  
  131  11:23  SCV x3  
  134  11:27  Medivac x2  
  134  11:31  Supply Depot  
  138  11:32  Marine  
  138  11:33  Marine x5  
  138  11:35  SCV x3  
  138  11:38  Command Center  
  147  11:40  Barracks  
  147  11:47  SCV x3  
  147  11:50  Marine  
  147  11:51  Barracks, Marine x5  
  147  11:54  Factory, Supply Depot  
  156  11:57  Sensor Tower  
  156  11:58  Thor, Missile Turret  
  156  11:59  SCV  
  163  12:04  Terran Infantry Weapons Level 3, Terran Vehicle And Ship Armor Level 2  
  163  12:08  Marine x2  
  163  12:15  Supply Depot, Marine x4  
  169  12:17  Supply Depot  
  169  12:21  Supply Depot  
  169  12:22  Supply Depot  
  169  12:25  Supply Depot  
  169  12:26  Marine x2  
  171  12:33  Marine x2  
  173  12:40  Supply Depot  
  173  12:48  Thor  
  173  12:49  Factory Tech Lab  
  142  13:13  Viking x2  
  142  13:15  Thor  
  142  13:16  Marine x7  
  142  13:17  Barracks Reactor  
  150  13:20  Orbital Command  
  150  13:21  SCV  
  146  13:31  Thor  
  146  13:33  Marine  
  146  13:34  Marine x6  
  147  13:38  SCV  
  147  13:39  Missile Turret  
  152  13:42  Missile Turret  
  152  13:43  Viking  
  152  13:45  Missile Turret  
  150  13:53  Missile Turret  
  134  13:58  Thor  
  139  14:10  Orbital Command  
  139  14:13  Thor  
  145  14:17  Marine  
  145  14:18  Barracks Reactor  
  145  14:21  Terran Vehicle Weapons Level 1, Marine x7  
  145  14:22  SCV  
  154  14:27  Missile Turret  
  154  14:29  Missile Turret  
  154  14:30  SCV  
  154  14:31  Missile Turret  
  156  14:35  Marine  
  156  14:37  Refinery  
  156  14:38  Marine  
  156  14:39  Marine x6  
  156  14:40  Refinery, Command Center  
  156  14:41  Thor  
  156  14:43  Viking  
  156  14:44  Viking  
  173  14:53  Marine  
  173  14:56  Thor, Marine x4  
  173  14:57  Marine x3  
  173  14:58  Starport  
  187  15:11  Marine  
  187  15:13  Viking  
  187  15:14  Medivac  
  192  15:16  Marine x8, Command Center  
  168  16:01  Thor x2  
  171  16:12  Viking  
  171  16:16  Starport Reactor  
  171  16:35  Refinery  
  171  16:44  Thor  
  95  17:16  Thor  
  92  17:26  Thor  
  98  17:30  SCV x4  
  101  17:40  Refinery  
  101  17:41  Smart Servos  
  101  17:42  SCV x4  
  105  17:53  Missile Turret  
  105  17:56  Marine x10  
  105  17:58  Viking x4  
  117  17:59  Thor  
  129  18:09  Thor  
  134  18:13  Marine  
  134  18:14  Missile Turret, Marine x9  
  136  18:28  Viking x4  
  136  18:31  Marine x4  
  136  18:32  Marine x2  
  136  18:33  Missile Turret  
  150  18:34  Missile Turret  
  150  18:35  Missile Turret x2  
  150  18:37  Missile Turret  
  150  18:40  Missile Turret  
  150  18:41  Thor  
  150  18:48  Command Center  
  154  18:52  Thor  
  160  18:58  Medivac, Viking x3  
  160  18:59  Marine  
  160  19:01  Marine  
  170  19:13  Missile Turret  
  170  19:24  Thor  
  170  19:28  Viking  
  176  19:35  Thor  
  181  19:39  Missile Turret  
  181  19:40  Missile Turret  
  179  20:07  Thor  
  185  20:18  Thor  
  185  20:19  Command Center  
  191  20:23  Command Center  
  191  20:29  Terran Vehicle Weapons Level 2, Command Center  
  191  20:37  SCV  
  191  20:38  SCV x2  
  195  20:49  Orbital Command, SCV  
  191  20:50  Thor, SCV  
  190  21:16  Thor  
  190  21:45  SCV  
  190  21:46  SCV  
  192  21:47  SCV x4  
  192  21:48  SCV  
  197  21:59  SCV  
  197  22:03  Orbital Command  
  197  22:04  Orbital Command  
  197  22:06  Orbital Command  
  197  22:22  Medivac  
Show
View Real Time Build Order
Export as new Build Order

joelricardo Protoss 

Build Orders: Cannon Rush 

Get SALT Encoding   

  12  0:12  Pylon  
  12  0:13  Probe  
  13  0:32  Probe, Forge  
  14  0:45  Probe  
  15  0:52  Pylon  
  16  0:57  Probe  
  16  1:11  Photon Cannon  
  16  1:17  Probe  
  17  1:29  Photon Cannon  
  17  1:31  Photon Cannon  
  17  1:39  Photon Cannon  
  17  1:49  Pylon  
  16  2:14  Probe  
  17  2:21  Assimilator, Gateway  
  17  2:25  Assimilator  
  17  2:26  Probe  
  18  2:38  Probe  
  19  2:50  Probe  
  19  3:08  Probe  
  20  3:13  Cybernetics Core  
  20  3:20  Probe, Nexus  
  20  3:26  Pylon  
  21  3:32  Probe  
  22  3:44  Probe, Pylon  
  23  3:57  Stargate  
  23  4:02  Probe  
  24  4:26  Assimilator  
  24  4:28  Stargate  
  24  4:31  Photon Cannon  
  24  4:36  Shield Battery  
  24  4:39  Photon Cannon  
  24  4:49  Probe  
  25  4:53  Probe  
  25  4:54  Void Ray  
  26  5:01  Probe  
  26  5:05  Probe  
  32  5:11  Void Ray  
  32  5:14  Probe  
  37  5:26  Probe  
  37  5:27  Probe  
  39  5:38  Probe  
  39  5:39  Probe  
  39  5:40  Pylon  
  41  5:50  Probe, Void Ray  
  41  5:51  Assimilator  
  46  6:02  Probe, Void Ray  
  51  6:14  Probe  
  52  6:26  Probe  
  53  6:38  Probe, Nexus  
  54  6:45  Pylon  
  54  6:48  Void Ray  
  54  6:50  Probe  
  55  6:57  Void Ray  
  59  7:03  Probe  
  64  7:09  Probe  
  64  7:15  Probe  
  66  7:27  Probe, Pylon  
  66  7:29  Pylon  
  67  7:31  Photon Cannon  
  67  7:39  Probe, Void Ray  
  67  7:41  Photon Cannon  
  68  7:46  Photon Cannon  
  68  7:48  Shield Battery  
  72  7:59  Photon Cannon  
  72  8:01  Photon Cannon  
  72  8:05  Shield Battery  
  72  8:21  Photon Cannon  
  72  8:26  Nexus  
  72  8:29  Probe  
  73  8:41  Probe  
  74  8:53  Probe  
  75  8:57  Photon Cannon  
  75  9:00  Shield Battery  
  75  9:05  Assimilator  
  75  9:19  Probe  
  76  9:26  Photon Cannon  
  76  9:28  Photon Cannon  
  76  9:30  Shield Battery  
  76  9:31  Probe  
  76  9:32  Shield Battery  
  76  9:34  Photon Cannon  
  77  9:40  Assimilator  
  77  9:43  Probe  
  77  9:45  Probe  
  79  9:51  Stargate  
  79  9:53  Stargate  
  79  9:54  Pylon  
  79  9:55  Probe  
  79  9:57  Probe, Pylon  
  81  10:05  Fleet Beacon  
  77  10:07  Probe  
  77  10:09  Probe  
  77  10:10  Photon Cannon  
  79  10:20  Probe  
  80  10:21  Probe  
  80  10:23  Void Ray  
  80  10:24  Void Ray  
  77  10:33  Probe  
  86  10:37  Void Ray x2  
  86  10:45  Probe  
  79  10:56  Probe  
  80  11:00  Void Ray  
  80  11:01  Void Ray  
  79  11:04  Stargate  
  79  11:06  Stargate  
  79  11:08  Probe  
  84  11:14  Void Ray x2  
  79  11:20  Probe  
  88  11:26  Pylon  
  88  11:28  Pylon  
  88  11:29  Pylon  
  88  11:32  Probe, Pylon  
  89  11:38  Void Ray x2  
  89  11:41  Robotics Facility  
  89  11:44  Probe  
  98  11:50  Assimilator  
  98  11:51  Void Ray  
  98  11:54  Tempest  
  98  11:56  Probe  
  108  12:07  Mothership  
  116  12:08  Probe  
  116  12:15  Pylon  
  117  12:18  Pylon  
  117  12:20  Probe  
  118  12:32  Probe  
  118  12:37  Tempest  
  124  13:54  Void Ray x3  
  124  13:55  Void Ray x2  
  104  13:58  Void Ray  
  112  14:10  Pylon  
  112  14:16  Observer  
  108  14:25  Pylon  
  108  14:31  Void Ray x2  
  108  14:32  Forge, Void Ray  
  108  14:37  Observer  
  121  14:38  Void Ray x2  
  121  14:39  Void Ray  
  133  14:50  Pylon  
  133  14:51  Pylon  
  133  14:57  Robotics Bay, Pylon  
  133  15:08  Void Ray  
  133  15:09  Void Ray  
  133  15:12  Pylon  
  133  15:16  Shield Battery  
  133  15:20  Nexus  
  141  15:32  Void Ray x3  
  141  15:35  Photon Cannon  
  141  15:39  Photon Cannon  
  152  15:46  Void Ray x2  
  115  16:12  Shield Battery  
  115  16:14  Shield Battery, Void Ray x4  
  115  16:18  Shield Battery  
  129  16:29  Observer  
  129  16:31  Nexus  
  122  16:38  Pylon  
  122  16:39  Void Ray  
  114  16:40  Pylon  
  114  16:51  Immortal  
  113  17:04  Void Ray  
  97  17:30  Immortal  
  97  17:34  Void Ray  
  80  18:56  Forge x2  
  80  18:58  Colossus  
  86  19:45  Nexus, Pylon  
  85  19:46  Pylon  
  85  19:58  Photon Cannon  
  81  20:01  Photon Cannon  
  81  20:03  Photon Cannon  
  81  20:06  Photon Cannon  
  67  20:07  Shield Battery  
  67  20:21  Photon Cannon  
  67  20:25  Photon Cannon  
  67  20:44  Pylon  
  59  20:56  Photon Cannon  
Tags
 
Add a new tag
Caveats
  • Supply blocks, unpowered buildings, or Contaminate may cause inaccurate times.
  • Supply counts are checked every 10 seconds.